Map: Incorporeal LE

Players

CaptainMac - Winner!

  • Race: Zerg Zerg
  • League: Silver
  • Spawn Location: 5:00

Tukku

  • Race: Zerg Zerg
  • League: Master
  • Spawn Location: 11:00

VOD

Have the link to the VOD?

Description

Time

  • Played on: June 16, 2025, 12:05 a.m.
  • Length: 11:08
Show
View Real Time Build Order
Export as new Build Order

CaptainMac Zerg - Winner!

Build Orders: Hatch First, Lurkers 

Get SALT Encoding   

  12  0:00  Drone  
  13  0:07  Drone  
  14  0:15  Extractor  
  14  0:16  Drone  
  15  0:21  Overlord  
  15  0:44  Hatchery  
  15  0:46  Drone  
  15  0:50  Drone  
  16  1:01  Overlord  
  17  1:04  Drone  
  17  1:18  Extractor  
  17  1:21  Drone  
  17  1:26  Spawning Pool  
  17  1:28  Drone  
  17  1:32  Drone  
  18  1:45  Drone  
  19  1:57  Drone x2  
  21  2:13  Queen x2  
  21  2:14  Overlord  
  21  2:15  Drone x2  
  27  2:20  Zergling x2  
  28  2:24  Zergling x2  
  28  2:26  Metabolic Boost  
  29  2:50  Hatchery  
  28  2:55  Drone x4  
  28  2:56  Drone  
  33  3:06  Drone  
  34  3:32  Drone  
  34  3:33  Overlord, Drone  
  34  3:34  Overlord x2  
  36  3:35  Drone  
  36  3:36  Drone x4  
  43  3:49  Lair, Baneling Nest  
  43  3:52  Queen  
  43  3:55  Drone  
  43  3:56  Drone  
  43  3:57  Drone  
  45  4:03  Drone  
  45  4:04  Queen  
  45  4:05  Zergling x4  
  45  4:07  Drone  
  51  4:10  Extractor  
  51  4:11  Drone x2  
  51  4:12  Drone  
  53  4:19  Extractor  
  52  4:39  Queen  
  52  4:42  Zergling x6  
  52  4:45  Drone x4  
  61  4:46  Overlord, Drone  
  62  4:56  Baneling  
  62  4:57  Baneling x3  
  62  4:58  Zergling x10  
  62  4:59  Overlord  
  66  5:01  Drone  
  67  5:08  Drone x2  
  67  5:10  Centrifugal Hooks  
  69  5:15  Queen  
  71  5:24  Drone  
  71  5:25  Drone  
  70  5:31  Zergling x14  
  70  5:32  Zergling x2  
  78  5:37  Evolution Chamber  
  78  5:41  Evolution Chamber  
  76  5:54  Zergling x10  
  81  6:00  Extractor  
  81  6:02  Drone x3, Extractor  
  81  6:03  Drone x3  
  85  6:04  Drone  
  85  6:05  Drone  
  85  6:07  Baneling  
  85  6:08  Baneling x21  
  85  6:09  Zergling x6  
  90  6:12  Zerg Melee Weapons Level 1  
  90  6:16  Infestation Pit  
  89  6:18  Drone, Extractor  
  89  6:19  Drone  
  89  6:20  Overlord x2  
  83  6:52  Zergling x8  
  83  6:53  Zergling x14  
  77  7:01  Spore Crawler  
  77  7:02  Hydralisk Den  
  77  7:05  Spore Crawler  
  77  7:08  Spore Crawler  
  73  7:09  Drone  
  73  7:10  Drone x6  
  73  7:11  Drone  
  81  7:16  Drone  
  81  7:17  Overlord  
  81  7:18  Overlord  
  82  7:25  Drone x2  
  84  7:36  Zergling x4, Hydralisk x5  
  84  7:37  Hydralisk  
  90  7:40  Grooved Spines  
  90  7:42  Hatchery  
  97  7:46  Lurker Den  
  97  7:49  Hive  
  96  8:01  Hydralisk x5  
  105  8:19  Pneumatized Carapace  
  105  8:20  Overseer  
  105  8:30  Muscular Augments  
  105  8:35  Zerg Missile Weapons Level 1  
  105  8:36  Zerg Ground Armor Level 1  
  105  8:42  Hydralisk x6  
  105  8:43  Hydralisk x2  
  121  8:58  Lurker x5  
  125  9:24  Hydralisk  
  125  9:25  Overlord x6  
  125  9:26  Overlord  
  127  9:57  Seismic Spines  
  127  10:08  Queen  
  127  10:10  Drone x5  
  127  10:11  Hydralisk x6  
  146  10:16  Lurker x3  
  146  10:19  Zergling x16  
  146  10:20  Zergling x30  
  172  10:36  Drone x5  
  172  10:37  Drone x4  
Show
View Real Time Build Order
Export as new Build Order

Tukku Zerg 

Build Orders: Pool First 

Get SALT Encoding   

  12  0:02  Drone  
  13  0:11  Drone  
  14  0:19  Overlord  
  14  0:36  Spawning Pool  
  14  0:39  Drone  
  14  0:45  Drone  
  15  1:06  Hatchery  
  15  1:09  Drone  
  15  1:14  Extractor  
  14  1:23  Queen  
  16  1:29  Drone x2  
  18  1:40  Spine Crawler  
  17  1:50  Zergling x4  
  19  2:03  Drone x2  
  21  2:20  Queen  
  23  2:24  Lair  
  23  2:25  Drone  
  24  2:40  Drone x4  
  28  2:44  Extractor  
  28  2:50  Drone  
  28  2:54  Overlord  
  28  3:11  Overlord  
  28  3:17  Drone x3  
  31  3:42  Roach Warren  
  31  3:44  Overseer, Evolution Chamber  
  31  3:45  Overseer  
  29  3:51  Overlord  
  29  3:53  Drone x2  
  31  4:05  Drone x3  
  34  4:11  Drone  
  34  4:15  Pneumatized Carapace  
  35  4:25  Roach  
  35  4:29  Roach  
  35  4:30  Roach x4  
  47  4:40  Roach  
  47  4:41  Roach  
  51  5:07  Extractor  
  51  5:09  Extractor  
  49  5:16  Roach  
  51  5:28  Hatchery  
  48  5:34  Ravager  
  48  5:35  Ravager x2  
  51  5:38  Drone  
  51  5:40  Overlord x3  
  52  6:08  Roach  
  52  6:09  Roach x11  
  52  6:11  Overlord x2  
  76  6:12  Overlord  
  76  6:29  Hatchery  
  75  6:49  Roach x2  
  75  6:50  Roach x2  
  59  7:12  Roach x6  
  71  7:26  Burrow  
  71  7:28  Roach  
  73  7:31  Glial Reconstitution  
  73  7:35  Ravager  
  74  7:54  Roach x2  
  78  8:03  Drone  
  78  8:04  Drone x3  
  82  8:19  Roach x2  
  88  8:20  Roach  
  88  8:30  Roach  
  90  8:42  Roach  
  90  8:43  Roach x2  
  96  9:06  Ravager x3  
  96  9:07  Ravager  
  100  9:25  Hydralisk Den  
  100  9:30  Infestation Pit  
  98  9:33  Drone x2  
  100  9:43  Overlord x4  
  100  9:50  Overlord x2  
  100  10:12  Drone x2  
  100  10:13  Drone x3  
  105  10:33  Hydralisk  
  105  10:34  Hydralisk x3  
  113  10:43  Lurker Den  
Tags
 
Composition
Lurkers
Matchup
ZvZ
Race
Zerg
Spawn Locations
Cross Positions
Add a new tag
Caveats
  • Supply blocks, unpowered buildings, or Contaminate may cause inaccurate times.
  • Supply counts are checked every 10 seconds.